 Dungeon Crawl Stone Soup version 0.22-a0-305-gd21a89c538 (webtiles) character file.

50 Oravi the Bolt Thrower (level 4, -3/26 HPs)
             Began as a Kobold Hunter on Mar 31, 2018.
             Slain by Sigmund
             ... wielding a +1 antimagic scythe
              (9 damage)
             ... on level 2 of the Dungeon.
             The game lasted 00:07:58 (1721 turns).

Oravi the Bolt Thrower (Kobold Hunter)              Turns: 1721, Time: 00:07:59

Health: -3/26      AC:  3    Str:  8 (10) XL:     4   Next: 4%
Magic:  1/4        EV: 20    Int: 11 (12) God:
Gold:   164        SH:  0    Dex: 17 (20) Spells: 3/3 levels left

rFire    . . .     SeeInvis .   b - +0 short sword
rCold    . . .     Gourm    .   (shield restricted)
rNeg     . . .     Faith    .   c - +0 leather armour
rPois    .         Spirit   .   (no helmet)
rElec    .         Reflect  .   (no cloak)
rCorr    .         Harm     .   (no gloves)
MR       .....                  (no boots)
Stlth    +++.......             g - amulet of regeneration
HPRegen  0.48/turn              (no ring)
MPRegen  0.09/turn              (no ring)

@: agile
A: small, carnivore
a: no special abilities


You were on level 2 of the Dungeon.
You were very full.

You visited 1 branch of the dungeon, and saw 2 of its levels.

You collected 164 gold pieces.

Inventory:

Hand Weapons
 a - a +1 hand crossbow
 b - a +0 short sword (weapon)
Missiles
 d - 20 bolts
Armour
 c - a +0 leather armour (worn)
Jewellery
 g - an amulet of regeneration (around neck)
 k - an uncursed amulet of the acrobat
Scrolls
 i - a scroll of immolation {unknown}
 j - a scroll of identify {unknown}
 l - a scroll of enchant armour {unknown}
Comestibles
 f - 4 rations


   Skills:
 - Level 2.1 Fighting
 + Level 3.4 Short Blades
 - Level 4.8 Crossbows
 + Level 3.5 Dodging
 - Level 1.3 Stealth


You had 3 spell levels left.
You didn't know any spells.

Dungeon Overview and Level Annotations

Branches:
Dungeon (2/15)

Altars:
Elyvilon
Fedhas
Makhleb
Wu Jian

Annotations:
D:2 Sigmund


Innate Abilities, Weirdness & Mutations

You are small and have problems with some larger weapons.
You are carnivorous and can eat meat at any time.


Message History

Something hits you!
You feel your power leaking away.
A magic dart appears from out of thin air!
The magic dart hits you!
A puff of flame appears from out of thin air!
The puff of flame hits you!
* * * LOW HITPOINT WARNING * * *
It was a potion of curing.
You feel better.
You feel agile all of a sudden. Something hits you!
You feel your power leaking away.
You hear some strange, mumbled words.
Something tries to affect you, but you resist.
You hit something. Something hits you.
* * * LOW HITPOINT WARNING * * *
You feel your power leaking away.
You closely miss something. You hit something but do no damage.
Something closely misses you.
You miss something. Something hits you!
You die...

############.# #.#
#.# #.# #.# #.#
#.###.########
##.##.........#
###...##.######.#
#########...#....#
####.#
..........#..(##.#
#....#
############.###@#
#.#### #.# #.# #.#
#.# #.# #.# #.#
#.###.## #.#
#.##...##
##########.#
#.......#
#..........#
####...##
#.########## ##.##
#.# #.#


There were no monsters in sight!

Vanquished Creatures
  A worm (D:2)
  4 dart slugs (D:1)
  4 giant cockroaches (D:1)
  4 goblins
  3 hobgoblins (D:1)
  4 jackals
  A bat (D:1)
  5 frilled lizards
  6 kobolds
  8 rats
40 creatures vanquished.

Notes
Turn   | Place    | Note
-------+----------+-------------------------------------------
     0 | D:1      | Oravi the Kobold Hunter began the quest for the Orb.
     0 | D:1      | Reached XP level 1. HP: 12/12 MP: 1/1
   124 | D:1      | Reached skill level 1 in Short Blades
   124 | D:1      | Reached XP level 2. HP: 14/17 MP: 2/2
   526 | D:1      | Reached XP level 3. HP: 21/21 MP: 3/3
  1129 | D:2      | Found a white marble altar of Elyvilon.
  1178 | D:1      | HP: 1/21 [jackal (3)]
  1290 | D:2      | Found a burning altar of Makhleb.
  1291 | D:2      | Found an ornate altar of the Wu Jian Council.
  1291 | D:2      | Found a blossoming altar of Fedhas.
  1470 | D:2      | Reached XP level 4. HP: 9/26 MP: 4/4
  1670 | D:2      | Noticed Sigmund
  1721 | D:2      | Slain by Sigmund

Vault maps used:
D:1:      minmay_arrival_shoal_huts, minmay_tall_x
D:2:      grunt_temple_overflow_open, uniq_sigmund

Skill      XL: |  1  2  3 |
---------------+----------+-----
Short Blades   | 1 2 3 |  3.4
Dodging        | 3 |  3.5
Fighting       | |  2.1
Crossbows      | |  4.8
Stealth        | |  1.3

Action                   |  1- 3 |  4- 6 || total
-------------------------+-------+-------++-------
Melee: Short sword       |   183 |     5 ||   188
  Use: Potion            |     3 |     2 ||     5
  Eat: Chunk             |    10 |       ||    10
Armor: Leather armour    |    40 |       ||    40
Dodge: Dodged            |   182 |     3 ||   185

Table legend:
 A = Spawn XP
 B = Non-spawn XP
 C = Spawn XP percentage of total XP
 D = Spawn monster count
 E = Non-spawn monster count
 F = Spawn count percentage of total count
 G = Total turns spent on level
                    A         B        C        D         E        F      G
               +---------+---------+-------+---------+---------+-------+---------
         Total |       0 |      72 |   0.0 |       0 |      40 |   0.0 |  1721
               +---------+---------+-------+---------+---------+-------+---------
           D:1 |       0 |      58 |   0.0 |       0 |      33 |   0.0 |  1212
           D:2 |       0 |      14 |   0.0 |       0 |       7 |   0.0 |   509
               +---------+---------+-------+---------+---------+-------+---------
